 Dungeon Crawl Stone Soup version 0.31-a0-145-g046c7d2549 (webtiles) character file.

Game seed: 3709138087947777502

669 qw the Marksminotaur (level 7, 0/59 HPs)
             Began as a Minotaur Hunter on June 7, 2023.
             Slain by Blork the orc
             ... wielding a +0 war axe
              (1 damage)
             ... on level 5 of the Dungeon.
             The game lasted 00:01:11 (3103 turns).

qw the Marksminotaur (Minotaur Hunter)              Turns: 3103, Time: 00:01:11

Health: 0/59       AC:  6    Str: 16    XL:     7   Next: 32%
Magic:  6/6        EV: 11    Int:  6    God:
Gold:   74         SH:  0    Dex: 15    Spells: 6/6 levels left

rFire   . . .        Y - +0 shortbow (flame)
rCold   . . .        (shield currently unavailable)
rNeg    . . .        j - +0 ring mail
rPois   .            (helmet restricted)
rElec   .            b - +0 cloak
rCorr   .            (no gloves)
SInv    .            (no boots)
Will    .....        (no amulet)
Stlth   +            (no ring)
HPRegen 0.29/turn    (no ring)
MPRegen 0.10/turn

%: no passive effects
@: about to teleport
A: horns 2, retaliatory headbutt
a: no special abilities


You were on level 5 of the Dungeon.
You visited 1 branch of the dungeon, and saw 5 of its levels.

You collected 74 gold pieces.


Innate Abilities, Weirdness & Mutations

You have a pair of horns on your head.
You reflexively headbutt those who attack you in melee.


   Skills:
 + Level 4.2 Fighting
 - Level 15.2 Ranged Weapons
 - Level 1.2 Armour
 - Level 2.1 Dodging
 - Level 0.7 Stealth


You had 6 spell levels left.
You didn't know any spells.
Your spell library was empty.

Inventory:

Hand Weapons
 Y - a +0 shortbow of flaming (weapon)
Armour
 b - a +0 cloak (worn)
 j - a +0 ring mail (worn)
Scrolls
 a - a scroll of teleportation
 c - a scroll of identify
 d - a scroll of enchant armour {unknown}
Potions
 e - a potion of cancellation {unknown}
 g - a potion of attraction {unknown}
 h - a potion of brilliance {unknown}
 i - a potion of haste {unknown}
 k - a potion of berserk rage {unknown}
 m - a potion of curing
 p - a potion of enlightenment {unknown}

Dungeon Overview and Level Annotations

Branches:
Dungeon (5/15)
 Temple: D:4-7

Altars:
Ru
Zin

Shops:
D:4 *

Annotations:
D:1 1 transporter
D:5 Blork the orc


Message History

You shoot an arrow. The arrow hits the orc.
The arrow burns the orc.
You kill the orc!
You hear some strange, mumbled words.
A magic dart appears from out of thin air!
The magic dart hits you.
You shoot an arrow.
The arrow hits the orc but does no damage.
Something hits you.
You shoot an arrow. Something hits you.
You shoot an arrow. Something hits you.
You shoot an arrow. The arrow hits the iguana.
The arrow burns the iguana.
The iguana is moderately wounded.
Something hits you! Something hits you.
You shoot an arrow. The arrow hits the orc!
The arrow burns the orc.
You kill the orc!
A magic dart appears from out of thin air!
The magic dart hits something.
Something hits you but does no damage.
You shoot an arrow. Something hits you!
You shoot an arrow. Something completely misses you.
You shoot an arrow.
The arrow hits the iguana but does no damage.
The iguana is moderately wounded.
Something hits you!
You shoot an arrow.
The arrow hits the iguana but does no damage.
The iguana is moderately wounded.
Something hits you. The iguana bites you. Something hits you.
3102 ||| READING 2 scrolls of teleportation.
As you read the scroll of teleportation, it crumbles to dust.
You feel strangely unstable. The iguana closely misses you. Something hits you!
You shoot an arrow.
The arrow hits the iguana but does no damage.
The iguana is moderately wounded.
Something hits you.
You die...

###. #..... #..#.##
###.#.... ........ .
#..#.. ...
#...l###.....
#....@{))....
#....########
#..<.........
#.........###
########............
#......#.#)........#
#.####.#.#..###.#..#
#.# #..#.#..#......#
#.# #..#.#..#.#.#..#


You could see an iguana.

Vanquished Creatures
  A phantom (D:4)
  A bullfrog (D:4)
  A jelly (D:4)
  An iguana (D:5)
  4 gnolls (D:2)
  5 adders
  A dart slug (D:4)
  6 orcs
  10 ball pythons
  2 bats
  7 endoplasms
  A giant cockroach (D:2)
  6 goblins
  7 hobgoblins
  6 jackals (D:3)
  7 kobolds
  3 quokkas
  2 frilled lizards
  5 rats
76 creatures vanquished.

Notes
Turn   | Place    | Note
-------+----------+-------------------------------------------
     0 | D:1      | qw the Minotaur Hunter began the quest for the Orb.
     0 | D:1      | Reached XP level 1. HP: 18/18 MP: 0/0
     0 | D:1      | 0 ||| qw: Version: 0.2-a-117-gc6b5c8b
     0 | D:1      | 0 ||| qw: Game counter: 2538
     0 | D:1      | 0 ||| qw: Always use a shield: true
     0 | D:1      | 0 ||| qw: God list: Okawaru
     0 | D:1      | 0 ||| qw: Allow faded altars: false
     0 | D:1      | 0 ||| qw: Do Orc after D:15 true
     0 | D:1      | 0 ||| qw: Do second Lair branch before Depths: true
     0 | D:1      | 0 ||| qw: Lair rune preference: random
     0 | D:1      | 0 ||| qw: Plans: Normal
     0 | D:1      | 0 ||| PLANNING D:1-11
   376 | D:1      | Reached XP level 2. HP: 25/25 MP: 1/1
   378 | D:1      | Reached skill level 5 in Ranged Weapons
   775 | D:1      | 775 ||| READING 2 scrolls labelled EJIUZO AMAOS.
   780 | D:1      | 780 ||| READING scroll labelled IDEADD YDYJA AFU.
   781 | D:1      | 781 ||| READING scroll labelled MIUVI BEMN.
   782 | D:1      | 782 ||| READING scroll labelled EJAUXI COIPH.
   783 | D:1      | 783 ||| DROPPING scroll of butterflies.
   799 | D:2      | Reached skill level 3 in Fighting
   979 | D:2      | Reached XP level 3. HP: 31/31 MP: 2/2
  1344 | D:2      | Reached skill level 6 in Ranged Weapons
  1344 | D:2      | Reached XP level 4. HP: 37/38 MP: 3/3
  1490 | D:2      | 1490 ||| UPGRADING to +0 cloak.
  1495 | D:2      | 1495 ||| UPGRADING to +0 ring mail.
  1505 | D:2      | 1505 ||| DROPPING +0 leather armour.
  1506 | D:2      | 1506 ||| DRINKING 2 lumpy black potions.
  1507 | D:2      | 1507 ||| DROPPING potion of magic.
  1600 | D:3      | Reached skill level 1 in Armour
  1788 | D:3      | Found a sacrificial altar of Ru.
  2295 | D:3      | Reached XP level 5. HP: 46/46 MP: 4/4
  2364 | D:3      | 2364 ||| READING 2 scrolls labelled BUASSO VUSS.
  2365 | D:3      | 2365 ||| READING scroll labelled OTAUBU QUYPT.
  2366 | D:3      | 2366 ||| READING scroll labelled MAWOXOIRRO.
  2547 | D:4      | Noticed a phantom
  2560 | D:4      | Killed a phantom
  2561 | D:4      | Reached skill level 7 in Ranged Weapons
  2610 | D:4      | Reached XP level 6. HP: 44/52 MP: 5/5
  2767 | D:4      | Found Zin's Purification Station.
  2773 | D:4      | Found a glowing silver altar of Zin.
  2777 | D:4      | 2777 ||| SHOPLISTING potion of curing (90 gold, have 74).
  2799 | D:4      | 2799 ||| READING scroll labelled UNWYOKK CUTHRUE.
  2900 | D:4      | 2900 ||| READING scroll labelled ETTEORGH YMEUSM.
  2988 | D:4      | 2988 ||| READING scroll labelled QOTUPP SOHA.
  2989 | D:4      | 2989 ||| READING scroll labelled SORAROBUYT.
  2990 | D:4      | 2990 ||| READING 3 scrolls labelled FIRELU GUSTREE.
  2991 | D:4      | 2991 ||| DRINKING 2 yellow potions.
  2992 | D:4      | 2992 ||| READING 2 scrolls of identify.
  2992 | D:4      | 2992 ||| IDENTIFYING smoky cyan potion
  2993 | D:4      | 2993 ||| DRINKING potion of experience.
  2993 | D:4      | Reached skill level 15 in Ranged Weapons
  2993 | D:4      | Reached XP level 7. HP: 59/59 MP: 6/6
  2994 | D:4      | 2994 ||| DROPPING 2 scrolls of fog.
  3019 | D:5      | Entered Level 5 of the Dungeon
  3085 | D:5      | Noticed Blork the orc
  3101 | D:5      | HP: 12/59 [something (6)]
  3102 | D:5      | 3102 ||| READING 2 scrolls of teleportation.
  3102 | D:5      | HP: 1/59 [something (7)]
  3103 | D:5      | Slain by Blork the orc

Levels and vault maps discovered:
D:1:      spicycebolla_arrival_risky_transporter, layout_basic
D:2:      layout_loops_ring
D:3:      layout_loops_corners, nicolae_ru_awakened_eye
D:4:      layout_rooms, zin_purify
D:5:      cheibrodos_iron_armory, layout_basic, uniq_blork_the_orc, uniq_grinder

Skill      XL: |  1  2  3  4  5  6 |
---------------+-------------------+-----
Ranged Weapons | 5 6 7 15 | 15.2
Fighting       | 3 4 |  4.2
Armour         | 1 |  1.2
Dodging        | |  2.1
Stealth        | |  0.7

Action                     |  1- 3 |  4- 6 |  7- 9 || total
---------------------------+-------+-------+-------++-------
   Fire: Shortbow          |    92 |   114 |    23 ||   229
    Use: Scroll            |     4 |     9 |     1 ||    14
         Potion            |       |     3 |       ||     3
 Armour: Leather armour    |    10 |       |       ||    10
         Ring mail         |       |    10 |     1 ||    11
  Dodge: Dodged            |    12 |    26 |     2 ||    40

Table legend:
 A = Non-vault XP
 B = Vault XP
 C = Vault XP percentage of total XP
 D = Non-vault monster count
 E = Vault monster count
 F = Vault count percentage of total count
                 A         B        C        D         E       F
            +---------+---------+-------+---------+---------+-------
      Total |     519 |       0 |   0.0 |      76 |       0 |   0.0
            +---------+---------+-------+---------+---------+-------
        D:1 |      27 |       0 |   0.0 |      15 |       0 |   0.0
        D:2 |     108 |       0 |   0.0 |      22 |       0 |   0.0
        D:3 |      62 |       0 |   0.0 |      22 |       0 |   0.0
        D:4 |     271 |       0 |   0.0 |      12 |       0 |   0.0
        D:5 |      51 |       0 |   0.0 |       5 |       0 |   0.0
            +---------+---------+-------+---------+---------+-------
